 Dungeon Crawl Stone Soup version 0.23.2-1-ga50397a6bc (webtiles) character file.

Game seed: 11456625753076526302

1334 Mrkan the Cudgeler (level 8, -4/71 HPs)
             Began as a Pale Draconian Gladiator on May 22, 2019.
             Was an Initiate of Qazlal.
             Slain by a crocodile (9 damage)
             ... on level 7 of the Dungeon.
             The game lasted 00:17:14 (5663 turns).

Mrkan the Cudgeler (Pale Draconian Gladiator)       Turns: 5663, Time: 00:17:15

Health: -4/71      AC:  7    Str: 20    XL:     8   Next: 35%
Magic:  17/17      EV:  8    Int:  8    God:    Qazlal [......]
Gold:   401        SH: 11    Dex: 14    Spells: 7/7 levels left

rFire    . . .     SeeInvis .   q - +2 whip of Uhiro {flame, MP+9} (curse)
rCold    . . .     Gourm    .   v - +0 large shield
rNeg     . . .     Faith    .   (armour unavailable)
rPois    .         Spirit   .   b - +0 hat
rElec    .         Reflect  .   r - +0 cloak {+Inv}
rCorr    .         Harm     .   (no gloves)
MR       .....                  (no boots)
Stlth    +.........             t - amulet of rage
HPRegen  0.21/turn              n - +2 ring of strength
MPRegen  0.15/turn              (no ring)

@: no status effects
A: breathe steam, unfitting armour, cold-blooded, AC +6
a: Breathe Steam, Renounce Religion, Evoke Berserk Rage, Evoke Invisibility


You were on level 7 of the Dungeon.
You worshipped Qazlal.
Qazlal was noncommittal.
You were not hungry.

You visited 2 branches of the dungeon, and saw 8 of its levels.

You collected 401 gold pieces.

Inventory:

Hand Weapons
 a - a +0 quarterstaff
 q - the cursed +2 whip of Uhiro (weapon) {flame, MP+9}
   (You found it on level 4 of the Dungeon)

   It has been specially enchanted to burn those struck by it, causing extra
   injury to most foes and up to half again as much damage against particularly
   susceptible opponents.
   It affects your magic capacity (+9).
   It has a curse placed upon it.
Missiles
 c - 3 throwing nets (quivered)
Armour
 b - a +0 hat (worn)
 r - a +0 cloak of invisibility (worn)
 v - a +0 large shield (worn)
Jewellery
 n - a +2 ring of strength (left hand)
 t - an amulet of rage (around neck)
Wands
 f - a wand of clouds (2)
 j - a wand of flame (71)
 s - a wand of iceblast (16)
 B - a wand of disintegration (10)
Scrolls
 i - a scroll of blinking {unknown}
 k - a scroll of fog {unknown}
 l - 2 scrolls of teleportation {unknown}
 m - 6 scrolls of identify
 p - 4 scrolls of remove curse {unknown}
 u - a scroll of noise
 y - a scroll of immolation {unknown}
 C - a scroll of random uselessness {unknown}
 D - 2 scrolls of enchant armour {unknown}
 F - a scroll of amnesia {unknown}
Potions
 e - 2 potions of curing {unknown}
 g - a potion of degeneration
 h - 2 potions of flight
 o - a potion of mutation {unknown}
 w - a potion of lignification {unknown}
 x - a potion of brilliance {unknown}
 z - a potion of berserk rage {unknown}
 A - a potion of haste
Comestibles
 d - 8 rations
 E - 4 chunks of flesh


   Skills:
 + Level 6.7 Fighting
 * Level 7.0(7.8) Maces & Flails
 - Level 5.2(7.0) Staves
 - Level 1.7 Throwing
 - Level 2.6 Dodging


You had 7 spell levels left.
You didn't know any spells.
Your spell library was empty.

Dungeon Overview and Level Annotations

Branches:
Dungeon (7/15)             Temple (1/1) D:6

Altars:
Ashenzari
Cheibriados
Dithmenos
Elyvilon
Fedhas
Gozag
Hepliaklqana
Kikubaaqudgha
Makhleb
Nemelex Xobeh
Okawaru
Qazlal
Ru
Sif Muna
Trog
Uskayaw
Vehumet
Wu Jian
Xom
Yredelemnul
Zin
The Shining One

Annotations:
D:3 2 transporters


Innate Abilities, Weirdness & Mutations

You can breathe blasts of scalding, opaque steam.
Your pale cyan-grey scales are hard. (AC +6)
You cannot fit into any form of body armour.
You are cold-blooded and may be slowed by cold attacks.


Message History

The crocodile bites you but does no damage.
The crocodile bites you!
* * * LOW HITPOINT WARNING * * *
The crocodile bites you.
* * * LOW HITPOINT WARNING * * *
The crocodile bites you!
* * * LOW HITPOINT WARNING * * *
You block the crocodile's attack. The crocodile barely misses you.
You hit the crocodile. You burn the crocodile.
You tail-slap the crocodile, but do no damage.
The crocodile is moderately wounded.
The crocodile bites you but does no damage.
Okay, then.
You hit the crocodile but do no damage. You tail-slap the crocodile.
The crocodile is moderately wounded.
Your shield prevents you from hitting the crocodile.
The crocodile is moderately wounded.
The crocodile bites you!
You die...

......>...# # #..#.#.#
..........###. ####.#...#
...............#....#...#
..........# #.#.######.#
..........##...#....# #.#
$.........##.. ####.# #.#
..........##. ##..# #.#
........#########..## #.#
.....##.÷).÷..t@..## #.#
... ############# #.# .
............. #.########
############# #.........
......... ##########
########### ......o..
#########


You could see an orc warrior and a crocodile.

Vanquished Creatures
  Menkaure (D:5)
  2 ice beasts
  A sky beast (D:5)
  A phantom (D:5)
  A black bear (D:6)
  2 ogres
  2 centaurs (D:5)
  A big kobold (D:5)
  An orc priest (D:6)
  A hound (D:6)
  A jelly (D:5)
  3 orc wizards
  A worker ant (D:5)
  4 adders
  3 worms
  2 dart slugs
  2 leopard geckos
  6 orcs
  9 bats
  5 giant cockroaches
  12 goblins
  11 hobgoblins
  24 jackals
  4 quokkas
  4 frilled lizards
  15 kobolds
  A quokka zombie (D:5)
  9 rats
129 creatures vanquished.

Notes
Turn   | Place    | Note
-------+----------+-------------------------------------------
     0 | D:1      | Mrkan the Draconian Gladiator began the quest for the Orb.
     0 | D:1      | Reached XP level 1. HP: 17/17 MP: 1/1
    46 | D:1      | Reached XP level 2. HP: 13/25 MP: 2/2
   341 | D:1      | Reached XP level 3. HP: 20/30 MP: 3/3
   878 | D:2      | Reached XP level 4. HP: 38/38 MP: 4/4
  1046 | D:2      | Found a faded altar of an unknown god.
  1447 | D:3      | Found a basalt altar of Yredelemnul.
  1449 | D:3      | Found a deep blue altar of Sif Muna.
  1464 | D:3      | Found a transporter.
  1494 | D:3      | Found a transporter.
  1970 | D:3      | Found a bloodstained altar of Trog.
  2029 | D:3      | Reached skill level 5 in Staves
  2274 | D:4      | Reached XP level 5. HP: 27/46 MP: 0/5
  2717 | D:4      | Found a radiant altar of Vehumet.
  2776 | D:4      | Got a slimy whip
  2821 | D:4      | Identified the cursed +2 whip of Uhiro {flame, MP+9} (You
                  | found it on level 4 of the Dungeon)
  2864 | D:4      | Found a shadowy altar of Dithmenos.
  3439 | D:5      | Entered Level 5 of the Dungeon
  3445 | D:5      | Noticed a centaur
  3455 | D:5      | Killed a centaur
  3455 | D:5      | Reached skill level 2 in Maces & Flails
  3632 | D:5      | Noticed a phantom
  3684 | D:5      | Killed a phantom
  3684 | D:5      | Reached XP level 6. HP: 24/53 MP: 6/6
  3875 | D:5      | Reached skill level 3 in Maces & Flails
  3938 | D:5      | Noticed a sky beast
  3953 | D:5      | Killed a sky beast
  3956 | D:5      | Reached skill level 5 in Fighting
  3990 | D:5      | Noticed Menkaure
  4002 | D:5      | Killed Menkaure
  4002 | D:5      | Reached skill level 4 in Maces & Flails
  4002 | D:5      | Your scales start taking on a pale cyan-grey colour.
  4002 | D:5      | Reached XP level 7. HP: 8/61 MP: 7/7
  4281 | D:5      | Reached skill level 5 in Maces & Flails
  4455 | D:5      | Found a glowing silver altar of Zin.
  4706 | D:6      | Reached skill level 6 in Maces & Flails
  4706 | D:6      | Reached XP level 8. HP: 63/70 MP: 8/8
  4764 | D:6      | Found a staircase to the Ecumenical Temple.
  4825 | Temple   | Entered the Ecumenical Temple
  4914 | Temple   | Became a worshipper of Qazlal Stormbringer
  5387 | D:6      | Found a shadowy altar of Dithmenos.
  5594 | D:7      | Reached skill level 7 in Maces & Flails
  5654 | D:7      | HP: 3/71 [crocodile (14)]
  5663 | D:7      | Slain by a crocodile

Skill      XL: |  1  2  3  4  5  6  7  8 |
---------------+-------------------------+-----
Staves         | 4 5 |  5.2
Fighting       | 3 4 5 6 |  6.7
Maces & Flails | 2 4 6 7 |  7.0
Throwing       | |  1.7
Dodging        | |  2.6

Action                   |  1- 3 |  4- 6 |  7- 9 || total
-------------------------+-------+-------+-------++-------
Melee: Quarterstaff      |   119 |   126 |       ||   245
       Tailslap          |    17 |    28 |    18 ||    63
       Whip              |       |    84 |    99 ||   183
  Use: Potion            |       |     8 |       ||     8
       Scroll            |       |     3 |       ||     3
 Stab: Sleeping          |     2 |     3 |       ||     5
  Eat: Chunk             |       |     7 |     5 ||    12
       Ration            |       |     1 |       ||     1
Armor: Skin              |    40 |    73 |    40 ||   153
Dodge: Dodged            |   116 |   124 |    27 ||   267
Block: Large shield      |       |    40 |    62 ||   102
